Map: [ESL] Tropical Sacrifice

Players

Kelazhur - Winner!

  • Race: Terran Terran
  • Spawn Location: 1:00

Spirit

  • Race: Terran Terran
  • Spawn Location: 7:00

Event: DreamHack SC2 Masters 2022 Valencia

VOD

Have the link to the VOD?

Description

Time

  • Played on: July 1, 2022, 11:09 a.m.
  • Length: 4:27

All games in this series

Show
View Real Time Build Order
Export as new Build Order

Kelazhur Terran - Winner!

Build Orders:  

Get SALT Encoding   

  12  0:00  SCV  
  13  0:12  SCV  
  14  0:17  Supply Depot  
  14  0:24  SCV  
  15  0:39  Barracks, SCV  
  16  0:44  Refinery  
  16  0:51  SCV  
  16  0:54  Refinery  
  17  1:03  SCV  
  18  1:15  SCV  
  19  1:26  Barracks Reactor  
  19  1:27  Orbital Command  
  19  1:29  Supply Depot  
  19  1:43  Factory  
  19  1:52  SCV  
  20  1:58  Supply Depot  
  20  2:02  Reaper x2  
  20  2:06  SCV  
  23  2:18  SCV  
  24  2:27  Hellion  
  26  2:31  SCV  
  26  2:34  Reaper x2  
  29  2:43  SCV  
  30  2:49  Hellion  
  32  2:55  Command Center  
  32  2:57  SCV  
  33  3:06  Reaper  
  33  3:07  Reaper  
  33  3:10  Hellion  
  37  3:14  Supply Depot  
  37  3:17  SCV  
  38  3:28  Starport  
  38  3:29  SCV  
  39  3:41  SCV, Factory Tech Lab  
  39  3:52  Marine x2  
  39  3:53  SCV  
  42  4:05  SCV  
  42  4:09  Starport Tech Lab  
  45  4:12  Refinery  
Show
View Real Time Build Order
Export as new Build Order

Spirit Terran 

Build Orders:  

Get SALT Encoding   

  12  0:00  SCV  
  13  0:12  SCV  
  14  0:17  Supply Depot  
  14  0:24  SCV  
  15  0:39  SCV  
  15  0:41  Barracks  
  16  0:44  Refinery  
  16  0:51  SCV  
  16  0:54  Refinery  
  17  1:03  SCV  
  18  1:15  SCV  
  19  1:28  Orbital Command, Reaper  
  19  1:29  Supply Depot  
  20  1:42  Factory  
  20  1:53  SCV  
  21  2:00  Reaper  
  22  2:06  SCV  
  23  2:18  SCV  
  23  2:22  Command Center  
  24  2:27  Hellion  
  26  2:30  SCV  
  26  2:34  Barracks Reactor  
  27  2:43  SCV, Supply Depot  
  28  2:48  Hellion  
  30  2:54  Starport  
  30  2:57  SCV  
  31  3:09  SCV  
  31  3:10  Factory Tech Lab  
  31  3:11  Marine x2  
  34  3:21  SCV  
  35  3:29  Marine x2  
  34  3:35  Factory Tech Lab  
  34  3:36  Orbital Command  
  34  3:38  Raven  
  34  3:39  SCV  
  32  3:46  Marine  
  32  3:47  Marine  
  30  3:52  SCV  
  30  3:54  Cyclone  
  31  4:04  SCV x2, Marine x2  

Tags
 
Add a new tag
Caveats
  • Supply blocks, unpowered buildings, or Contaminate may cause inaccurate times.
  • Supply counts are checked every 10 seconds.